 Dungeon Crawl Stone Soup version 0.22.1-1-ga44c0e5 (webtiles) character file.

42 lysyklops the Conjurer (level 3, -3/19 HPs)
             Began as a Deep Elf Conjurer on Sept 22, 2018.
             Killed from afar by an orc wizard (9 damage)
             ... with a magic dart
             ... on level 3 of the Dungeon.
             The game lasted 00:03:36 (1231 turns).

lysyklops the Conjurer (Deep Elf Conjurer)          Turns: 1231, Time: 00:03:36

Health: -3/19      AC:  2    Str:  5    XL:     3   Next: 35%
Magic:  5/10       EV: 13    Int: 20    God:
Gold:   58         SH:  0    Dex: 15    Spells: 6/9 levels left

rFire    . . .     SeeInvis .   f - +0 dagger
rCold    . . .     Gourm    .   (no shield)
rNeg     . . .     Faith    .   a - +0 robe
rPois    .         Spirit   .   (no helmet)
rElec    .         Reflect  .   (no cloak)
rCorr    .         Harm     .   (no gloves)
MR       .....                  (no boots)
Stlth    ++........             (no amulet)
HPRegen  0.06/turn              (no ring)
MPRegen  0.12/turn              (no ring)

@: no status effects
A: no striking features
a: no special abilities


You were on level 3 of the Dungeon.
You were hungry.

You visited 1 branch of the dungeon, and saw 3 of its levels.

You collected 58 gold pieces.

Inventory:

Hand Weapons
 f - a +0 dagger (weapon)
Armour
 a - a +0 robe (worn)
Jewellery
 e - an uncursed amulet of guardian spirit {unknown}
 k - an uncursed ring of magical power {unknown}
Scrolls
 b - 3 scrolls of remove curse {unknown}
 d - a scroll of fear {unknown}
 g - 5 scrolls of identify {unknown}
 h - a scroll of magic mapping {unknown}
Potions
 i - a potion of mutation {unknown}
 j - a potion of resistance {unknown}
 l - a potion of magic {unknown}
 m - a potion of haste {unknown}
Comestibles
 c - 4 rations


   Skills:
 + Level 3.3 Dodging
 - Level 2.4 Stealth
 + Level 3.8 Spellcasting
 + Level 4.9 Conjurations


You had 6 spell levels left.
You knew the following spells:

 Your Spells              Type           Power        Failure   Level  Hunger
a - Magic Dart            Conj           ###.         1%          1    None
b - Searing Ray           Conj           ###...       2%          2    ##.....

Your spell library contained the following spells:

 Spells                   Type           Power        Failure   Level  Hunger
 Dazzling Spray           Conj/Hex       ##....       14%         3    ###....
 Iskenderun's Mystic Bla  Conj           ###.....     17%         4    ####...
 Force Lance              Conj/Tloc      ##......     43%         4    ####...
 Fulminant Prism          Conj/Hex       ##........   43%         4    ####...


Dungeon Overview and Level Annotations

Branches:
Dungeon (3/15)

Altars:


Message History

Confirm with . or Enter, or press ? or * to list all spells.
Aiming: Magic Dart (safe; 1% risk of failure)
Press: ? - help, Shift-Dir - straight line, f/p - orc wizard
Aim: an orc wizard, wielding a dagger and wearing a robe (severely wounded)
The magic dart hits the orc wizard.
The orc wizard is severely wounded.
Casting: Magic Dart (safe; 1% risk of failure)
Confirm with . or Enter, or press ? or * to list all spells.
Aiming: Magic Dart (safe; 1% risk of failure)
Press: ? - help, Shift-Dir - straight line, f/p - orc wizard
Aim: an orc wizard, wielding a dagger and wearing a robe (severely wounded)
The magic dart hits the orc.
The orc is heavily wounded.
The orc wizard mumbles some strange words.
The orc wizard seems to speed up.
There is a stone staircase leading up here.
You can't go down here!
The orc wizard points at you and mumbles some strange words.
The magic dart hits you!
You die...

####### #.....#
#.....# #.....#
#.....#
#.....###
#..@(...##
#####........##
..............#
####....o.....#
#...?..%...#
#.......o..#
#..........#
##........##
#.....)..#


You could see an orc wizard and an orc.

Vanquished Creatures
  An adder (D:2)
  An ooze (D:3)
  An orc (D:3)
  7 goblins
  4 hobgoblins
  4 bats
  A frilled lizard (D:1)
  2 kobolds (D:2)
  8 rats
29 creatures vanquished.

Notes
Turn   | Place    | Note
-------+----------+-------------------------------------------
     0 | D:1      | lysyklops the Deep Elf Conjurer began the quest for the
                  | Orb.
     0 | D:1      | Reached XP level 1. HP: 10/10 MP: 6/6
   378 | D:1      | Reached XP level 2. HP: 15/15 MP: 6/8
   803 | D:2      | Reached XP level 3. HP: 19/19 MP: 8/10
   933 | D:2      | Learned a level 2 spell: Searing Ray
  1231 | D:3      | Killed from afar by an orc wizard

Skill      XL: |  1  2 |
---------------+-------+-----
Dodging        | 3 |  3.3
Stealth        | |  2.4
Spellcasting   | |  3.8
Conjurations   | |  4.9

Action                   || total
-------------------------++-------
 Cast: Magic Dart        ||    56
Armor: Robe              ||     1
Dodge: Dodged            ||     1
